[Event "39th Olympiad Khanty-Mansiysk 2010"]
[Site "Khanty-Mansiysk/Russia"]
[Date "2010.09.22"]
[Round "1"]
[White "Stupak, Kirill"]
[Black "Pridorozhni, Aleksei"]
[Result "1/2-1/2"]
[WhiteElo "2502"]
[BlackElo "2556"]
[PlyCount "63"]
[EventDate "2010.??.??"]
[WhiteTeam "Belarus"]
[BlackTeam "RU3"]
[WhiteTeamCountry "BLR"]
[TimeControl "40/5400+30:1800+30"]

1. d4 d5 2. Nf3 c6 3. c4 Nf6 4. Nc3 a6 5. a4 e6 6. g3 dxc4 7. Bg2 c5 8. dxc5
Qxd1+ 9. Nxd1 Nc6 10. Ne3 Bxc5 11. Nxc4 Nd5 12. O-O f6 13. e4 Nb6 14. Be3 Bxe3
15. Nxe3 a5 16. e5 Bd7 17. exf6 gxf6 18. Nd2 Ke7 19. Nb3 Ne5 20. Nc5 Bc6 21. f4
Ned7 22. Nxd7 Kxd7 23. b3 Bxg2 24. Kxg2 Ke7 25. Rac1 Rac8 26. Kf3 Rhd8 27. Ke2
f5 28. Rfe1 h5 29. h3 Rg8 30. Kf3 Rxc1 31. Rxc1 Kd6 32. Rc2 1/2-1/2

[Event "39th Olympiad Khanty-Mansiysk 2010"]
[Site "Khanty-Mansiysk/Russia"]
[Date "2010.09.22"]
[Round "1"]
[White "Meijers, Viesturs"]
[Black "Yarmonov, Igor"]
[Result "1-0"]
[WhiteElo "2502"]
[BlackElo "2335"]
[PlyCount "93"]
[EventDate "2010.??.??"]
[WhiteTeam "Latvia"]
[BlackTeam "IPC"]
[WhiteTeamCountry "LAT"]
[TimeControl "40/5400+30:1800+30"]

1. e4 e5 2. Nf3 Nc6 3. Bb5 a6 4. Bxc6 dxc6 5. O-O f6 6. d4 exd4 7. Nxd4 c5 8.
Nb3 Qxd1 9. Rxd1 Bd6 10. Be3 b6 11. a4 Be6 12. a5 O-O-O 13. Nc3 Bxb3 14. cxb3
Kb7 15. Rd2 Be7 16. Nd5 bxa5 17. Rxa5 c6 18. Nxe7 Rxd2 19. Bxd2 Nxe7 20. Rxc5
Rd8 21. Rc2 Rd3 22. b4 f5 23. f3 fxe4 24. fxe4 Rd4 25. Bc3 Rxe4 26. Rf2 Nd5 27.
Rf7+ Kb6 28. Rxg7 h5 29. g3 Nxc3 30. bxc3 Rc4 31. Rh7 Rxc3 32. Rxh5 Rb3 33. Rh4
Kb5 34. Rh8 Kxb4 35. g4 Rd3 36. g5 a5 37. Kf2 a4 38. g6 Rd7 39. h4 Rg7 40. h5
a3 41. Rb8+ Kc4 42. Rb6 Ra7 43. Rxc6+ Kb3 44. h6 a2 45. Rc1 Kb2 46. Rh1 Ra6 47.
h7 1-0

[Event "39th Olympiad Khanty-Mansiysk 2010"]
[Site "Khanty-Mansiysk/Russia"]
[Date "2010.09.22"]
[Round "1"]
[White "Salem, A R  Saleh"]
[Black "Kirby, Peter J"]
[Result "1-0"]
[WhiteElo "2501"]
[BlackElo "2031"]
[PlyCount "87"]
[EventDate "2010.??.??"]
[WhiteTeam "United Arab Emirates"]
[BlackTeam "Channel Islands"]
[WhiteTeamCountry "UAE"]
[BlackTeamCountry "GCI"]
[TimeControl "40/5400+30:1800+30"]

1. d4 Nf6 2. c4 g6 3. Nc3 d5 4. Bg5 Ne4 5. Bh4 Nxc3 6. bxc3 Bg7 7. e3 dxc4 8.
Bxc4 O-O 9. Nf3 Bg4 10. O-O Nd7 11. h3 Bxf3 12. Qxf3 Nb6 13. Bb3 c6 14. e4 Qc7
15. Rad1 e5 16. Bf6 Bxf6 17. Qxf6 Nd7 18. Qh4 Kg7 19. dxe5 Nxe5 20. f4 Nd7 21.
Qe7 Qb6+ 22. Kh2 Nc5 23. Qe5+ Kg8 24. f5 Nxb3 25. axb3 Rae8 26. Qf4 Qc5 27. Qh6
Qe5+ 28. Rf4 Qg7 29. Qxg7+ Kxg7 30. Rd7 gxf5 31. Rxf5 Rxe4 32. Rxb7 Re3 33. Rc5
Re6 34. Rxa7 Rd8 35. b4 Rd2 36. Rf5 Rf6 37. Rxf6 Kxf6 38. Ra6 Rd6 39. b5 Ke7
40. Rxc6 Rd3 41. b6 Rd2 42. b7 Rb2 43. Rc7+ Ke6 44. c4 1-0

[Event "39th Olympiad Khanty-Mansiysk 2010"]
[Site "Khanty-Mansiysk/Russia"]
[Date "2010.09.22"]
[Round "1"]
[White "Grandelius, Nils"]
[Black "Thorfinnsson, Bjorn"]
[Result "1-0"]
[WhiteElo "2500"]
[BlackElo "2404"]
[PlyCount "65"]
[EventDate "2010.??.??"]
[WhiteTeam "Sweden"]
[BlackTeam "Iceland"]
[WhiteTeamCountry "SWE"]
[BlackTeamCountry "ISL"]
[TimeControl "40/5400+30:1800+30"]

1. Nf3 d5 2. g3 Nf6 3. Bg2 b6 4. c4 Bb7 5. cxd5 Bxd5 6. O-O Nbd7 7. Nc3 Bb7 8.
d4 e6 9. Bf4 Nd5 10. Nxd5 Bxd5 11. Qc2 Bd6 12. e4 Bb7 13. Bg5 Be7 14. Bxe7 Qxe7
15. d5 Rc8 16. Nd4 O-O 17. dxe6 fxe6 18. Nc6 Bxc6 19. Qxc6 Rfd8 20. Rfd1 Kf7
21. Rac1 Nf8 22. Rxd8 Qxd8 23. Bf1 Qd4 24. Ba6 Rd8 25. Qxc7+ Kg8 26. Qc2 Ng6
27. Bc4 Kf7 28. Bb3 Ne5 29. Qe2 Qd2 30. Qh5+ Kf6 31. Rd1 Qa5 32. Rxd8 Qe1+ 33.
Kg2 1-0

[Event "39th Olympiad Khanty-Mansiysk 2010"]
[Site "Khanty-Mansiysk/Russia"]
[Date "2010.09.22"]
[Round "1"]
[White "Can, Emre"]
[Black "Nezad, Husein Aziz"]
[Result "1-0"]
[WhiteElo "2500"]
[BlackElo "2394"]
[PlyCount "47"]
[EventDate "2010.??.??"]
[WhiteTeam "Turkey"]
[BlackTeam "Qatar"]
[WhiteTeamCountry "TUR"]
[BlackTeamCountry "QAT"]
[TimeControl "40/5400+30:1800+30"]

1. e4 c6 2. Ne2 d5 3. e5 c5 4. d4 Nc6 5. c3 cxd4 6. cxd4 Bf5 7. Nbc3 e6 8. Ng3
Bg6 9. h4 h5 10. Be3 Be7 11. Be2 Qb6 12. Qd2 Nh6 13. Rc1 O-O-O 14. a3 Kb8 15.
b4 Rc8 16. O-O Qd8 17. Na4 Bxh4 18. b5 Na5 19. Rxc8+ Kxc8 20. b6 axb6 21. Qb4
Nc4 22. Bxc4 dxc4 23. Nxb6+ Kb8 24. d5 1-0

[Event "39th Olympiad Khanty-Mansiysk 2010"]
[Site "Khanty-Mansiysk/Russia"]
[Date "2010.09.22"]
[Round "1"]
[White "Sebag, Marie"]
[Black "Reizniece, Dana"]
[Result "1-0"]
[WhiteElo "2499"]
[BlackElo "2318"]
[PlyCount "121"]
[EventDate "2010.??.??"]
[WhiteTeam "France"]
[BlackTeam "Latvia"]
[WhiteTeamCountry "FRA"]
[BlackTeamCountry "LAT"]
[TimeControl "40/5400+30:1800+30"]

1. e4 e5 2. Nf3 Nc6 3. Bb5 f5 4. Nc3 fxe4 5. Nxe4 d5 6. Nxe5 dxe4 7. Nxc6 Qg5
8. Qe2 Nf6 9. Ne5+ c6 10. f4 Qxf4 11. d4 Qh4+ 12. g3 Qh3 13. Bc4 Be6 14. Bg5
O-O-O 15. O-O-O Bd6 16. Bxe6+ Qxe6 17. Nc4 Bc7 18. Kb1 Rhf8 19. Rhf1 Rde8 20.
Bxf6 Rxf6 21. Rxf6 Qxf6 22. c3 Qg6 23. Ne3 h5 24. Rf1 Bd8 25. Qc2 h4 26. gxh4
Bxh4 27. Nc4 Qe6 28. Ne3 Qh3 29. Qe2 Bg5 30. Nf5 Rh8 31. Nd6+ Kc7 32. Nxe4 Qh7
33. Qc2 Be7 34. Rf7 Kd8 35. a4 Qg6 36. Rf2 Rh4 37. Re2 Rf4 38. Ng3 Qf7 39. b3
Rf3 40. Kb2 a6 41. Ne4 Rf5 42. Nd2 Rf2 43. Nc4 Rxe2 44. Qxe2 Qf5 45. a5 Qf4 46.
b4 Bg5 47. Kb3 Qf5 48. Kb2 Qf4 49. Qc2 Qf1 50. Nd6 Kc7 51. Ne8+ Kb8 52. Nxg7
Bf6 53. Nf5 c5 54. bxc5 Qb5+ 55. Qb3 Qe2+ 56. Ka3 Bg5 57. c6 Bc1+ 58. Ka4 b5+
59. axb6 Qe8 60. Qd5 Bf4 61. Qd7 1-0

[Event "39th Olympiad Khanty-Mansiysk 2010"]
[Site "Khanty-Mansiysk/Russia"]
[Date "2010.09.22"]
[Round "1"]
[White "Zagorskis, Darius"]
[Black "Jurcik, Marian"]
[Result "1/2-1/2"]
[WhiteElo "2497"]
[BlackElo "2466"]
[PlyCount "39"]
[EventDate "2010.??.??"]
[WhiteTeam "Lithuania"]
[BlackTeam "Slovakia"]
[WhiteTeamCountry "LTU"]
[BlackTeamCountry "SVK"]
[TimeControl "40/5400+30:1800+30"]

1. c4 e5 2. Nc3 Nf6 3. Nf3 Nc6 4. g3 Nd4 5. Bg2 Nxf3+ 6. Bxf3 Bb4 7. Qb3 Qe7 8.
O-O O-O 9. d3 c6 10. Bg5 Bxc3 11. Qxc3 h6 12. Bxf6 Qxf6 13. c5 d5 14. cxd6 Qxd6
15. Rfc1 Be6 16. Qa5 f6 17. Rc3 Rfd8 18. Rac1 Qe7 19. Qa4 Bd5 20. Bxd5+ 1/2-1/2

[Event "39th Olympiad Khanty-Mansiysk 2010"]
[Site "Khanty-Mansiysk/Russia"]
[Date "2010.09.22"]
[Round "1"]
[White "Cori, Jorge"]
[Black "Norri, Joose"]
[Result "1-0"]
[WhiteElo "2496"]
[BlackElo "2330"]
[PlyCount "83"]
[EventDate "2010.??.??"]
[WhiteTeam "Peru"]
[BlackTeam "Finland"]
[WhiteTeamCountry "PER"]
[BlackTeamCountry "FIN"]
[TimeControl "40/5400+30:1800+30"]

1. d4 Nf6 2. Nf3 e6 3. e3 b6 4. Bd3 Bb7 5. O-O d5 6. b3 Be7 7. Bb2 O-O 8. Nbd2
Ne4 9. c4 Nd7 10. Rc1 Nxd2 11. Nxd2 Nf6 12. Qc2 Rc8 13. c5 c6 14. b4 g6 15. Nb3
Nd7 16. a4 f5 17. f3 Bf6 18. e4 Rf7 19. Qe2 Rb8 20. e5 Bg7 21. Rc2 f4 22. Rfc1
bxc5 23. dxc5 Qc7 24. Re1 Bc8 25. b5 a6 26. b6 Nxb6 27. cxb6 Qxb6+ 28. Nc5 Bf8
29. Bd4 Qb4 30. Bf2 Qa3 31. Bxa6 Bxc5 32. Bxc5 Qxa4 33. Bxc8 Rxc8 34. Ra2 Qb3
35. Qb2 Rb7 36. Rb1 Qxb2 37. Raxb2 Rxb2 38. Rxb2 Ra8 39. Kf2 Ra5 40. Bb6 Ra3
41. Rc2 Kf7 42. h4 1-0

[Event "39th Olympiad Khanty-Mansiysk 2010"]
[Site "Khanty-Mansiysk/Russia"]
[Date "2010.09.22"]
[Round "1"]
[White "Ismagambetov, Anuar"]
[Black "Brunello, Sabino"]
[Result "0-1"]
[WhiteElo "2492"]
[BlackElo "2497"]
[PlyCount "110"]
[EventDate "2010.??.??"]
[WhiteTeam "Kazakhstan"]
[BlackTeam "Italy"]
[WhiteTeamCountry "KAZ"]
[BlackTeamCountry "ITA"]
[TimeControl "40/5400+30:1800+30"]

1. e4 c5 2. Nf3 e6 3. d4 cxd4 4. Nxd4 Nc6 5. Nc3 Qc7 6. Be3 a6 7. Qd2 Nf6 8.
O-O-O Be7 9. f3 O-O 10. g4 b5 11. h4 Bb7 12. h5 Nxd4 13. Bxd4 e5 14. Be3 d5 15.
g5 Nxe4 16. fxe4 d4 17. Nd5 Bxd5 18. exd5 dxe3 19. Qxe3 e4 20. Kb1 Qe5 21. Bg2
f5 22. gxf6 Bxf6 23. c3 b4 24. Qxe4 bxc3 25. Rhe1 Qg3 26. Re3 Qg5 27. d6 Rab8
28. Qd5+ Kh8 29. Re2 Qg4 30. Qe4 Qd7 31. Qc6 Qf5+ 32. Qe4 Qb5 33. Rd5 Qb6 34.
b3 a5 35. Rd1 Qc5 36. Qc6 Qa3 37. Bd5 a4 38. Qa6 Qb4 39. d7 axb3 40. Bxb3 Qg4
41. h6 Qg6+ 42. Qd3 Qxh6 43. Rde1 Qh5 44. Kc2 g5 45. Qe4 Kg7 46. Kc1 g4 47. Rg1
Qg5+ 48. Kd1 h5 49. Reg2 Rfd8 50. Be6 c2+ 51. Qxc2 Rb4 52. Qf5 Rd4+ 53. Kc2
Rc4+ 54. Kb3 Rc3+ 55. Ka4 Ra8+ 0-1

[Event "39th Olympiad Khanty-Mansiysk 2010"]
[Site "Khanty-Mansiysk/Russia"]
[Date "2010.09.22"]
[Round "1"]
[White "Pogonina, Natalija"]
[Black "Yildiz, Betul Cemre"]
[Result "1/2-1/2"]
[WhiteElo "2491"]
[BlackElo "2252"]
[PlyCount "103"]
[EventDate "2010.??.??"]
[WhiteTeam "RU2"]
[BlackTeam "Turkey"]
[BlackTeamCountry "TUR"]
[TimeControl "40/5400+30:1800+30"]

1. e4 e5 2. Nf3 Nc6 3. Bb5 a6 4. Ba4 Nf6 5. O-O b5 6. Bb3 Bb7 7. d3 Be7 8. a4
O-O 9. Re1 Re8 10. c3 h6 11. Nbd2 Bf8 12. Ba2 b4 13. Nc4 Rb8 14. a5 bxc3 15.
bxc3 d6 16. h3 Qd7 17. Bd2 Nd8 18. Rb1 Ne6 19. Be3 Ba8 20. Qc2 Qc6 21. Rxb8
Rxb8 22. Rb1 Rxb1+ 23. Qxb1 Nd7 24. Qc2 Ndc5 25. Ne1 Qb5 26. f3 Nd7 27. d4 exd4
28. cxd4 d5 29. exd5 Bxd5 30. Nd3 c5 31. dxc5 Ndxc5 32. Nde5 Qa4 33. Qe2 Qb5
34. f4 Nb3 35. Qd3 Nxa5 36. f5 Bxc4 37. Nxc4 Nc5 38. Qc2 Nab3 39. f6 a5 40.
fxg7 Bxg7 41. Nd6 Qb4 42. Qf2 Nd3 43. Qxf7+ Kh8 44. Qf1 Qxd6 45. Bxb3 Qg3 46.
Qe2 Nc1 47. Bxc1 Qxb3 48. Qe8+ Qg8 49. Qe4 Qb3 50. Qa8+ Kh7 51. Qe4+ Kh8 52.
Qa8+ 1/2-1/2

[Event "39th Olympiad Khanty-Mansiysk 2010"]
[Site "Khanty-Mansiysk/Russia"]
[Date "2010.09.22"]
[Round "1"]
[White "Drasko, Milan"]
[Black "Savitskiy, Sergey"]
[Result "1/2-1/2"]
[WhiteElo "2486"]
[BlackElo "2373"]
[PlyCount "86"]
[EventDate "2010.??.??"]
[WhiteTeam "MNE"]
[BlackTeam "RU5"]
[TimeControl "40/5400+30:1800+30"]

1. Nf3 Nf6 2. g3 g6 3. Bg2 Bg7 4. O-O O-O 5. d4 d6 6. c4 Nc6 7. Nc3 a6 8. Bd2
Rb8 9. Rc1 Bd7 10. d5 Na5 11. b3 c5 12. dxc6 Nxc6 13. Bf4 Qa5 14. Qd2 Rbc8 15.
Na4 Qxd2 16. Bxd2 Bf5 17. Nb6 Rcd8 18. Bc3 Be4 19. Rfd1 e6 20. Ne1 Bxg2 21.
Kxg2 Nd7 22. Nxd7 Rxd7 23. Rd2 Rfd8 24. Bxg7 Kxg7 25. Nd3 Ne7 26. Rcd1 Nc8 27.
a4 Kf6 28. g4 h6 29. Nc5 Rc7 30. Ne4+ Ke7 31. Rd3 f5 32. gxf5 gxf5 33. Nc3 Kf6
34. Rh3 Rg8+ 35. Kf1 Rg6 36. e3 Rc6 37. Ne2 e5 38. Nc3 Ne7 39. Ke2 Rb6 40. Rb1
Ke6 41. Rg3 Rg5 42. Rh3 Rg6 43. Rg3 Rg5 1/2-1/2

[Event "39th Olympiad Khanty-Mansiysk 2010"]
[Site "Khanty-Mansiysk/Russia"]
[Date "2010.09.22"]
[Round "1"]
[White "Sepp, Olav"]
[Black "Izquierdo, Daniel"]
[Result "1/2-1/2"]
[WhiteElo "2485"]
[BlackElo "2275"]
[PlyCount "92"]
[EventDate "2010.??.??"]
[WhiteTeam "Estonia"]
[BlackTeam "Uruguay"]
[WhiteTeamCountry "EST"]
[BlackTeamCountry "URU"]
[TimeControl "40/5400+30:1800+30"]

1. g3 f5 2. Nf3 Nf6 3. Bg2 g6 4. O-O Bg7 5. d4 O-O 6. c4 d6 7. Nc3 Nc6 8. d5
Na5 9. Qd3 c5 10. Ng5 Rb8 11. e4 Ng4 12. b3 Bd4 13. Bf4 e5 14. dxe6 Ne5 15. Qd2
h6 16. Bxe5 dxe5 17. Nf7 Qf6 18. exf5 gxf5 19. Rae1 Nc6 20. Nxh6+ Kg7 21. Nf7
Bxe6 22. Ng5 Bg8 23. Nd5 Qh6 24. Re2 Rbe8 25. Nf3 e4 26. Qxh6+ Kxh6 27. Nh4 Bh7
28. Bh3 Ne5 29. Kg2 Nd3 30. Kh1 f4 31. gxf4 Nxf4 32. Nxf4 Rxf4 33. Ng2 Rf7 34.
Ne3 Ref8 35. Be6 Rf4 36. Kg2 Bg6 37. h3 Bh5 38. Bg4 Rg8 39. Rh1 Kg5 40. Rg1 Kh4
41. Kh1 Bxe3 42. Rxe3 Bxg4 43. hxg4 Rgxg4 44. Rg2 Kg5 45. Kg1 Kf5 46. Rh3 Rh4
1/2-1/2

[Event "39th Olympiad Khanty-Mansiysk 2010"]
[Site "Khanty-Mansiysk/Russia"]
[Date "2010.09.22"]
[Round "1"]
[White "Roussel-Roozmon, Thomas"]
[Black "Filippov, Anton"]
[Result "1-0"]
[WhiteElo "2484"]
[BlackElo "2609"]
[PlyCount "85"]
[EventDate "2010.??.??"]
[WhiteTeam "Canada"]
[BlackTeam "Uzbekistan"]
[WhiteTeamCountry "CAN"]
[BlackTeamCountry "UZB"]
[TimeControl "40/5400+30:1800+30"]

1. d4 Nf6 2. c4 e6 3. Nc3 Bb4 4. Qc2 O-O 5. a3 Bxc3+ 6. Qxc3 b6 7. Bg5 c5 8.
dxc5 bxc5 9. e3 d6 10. Bd3 Nbd7 11. Ne2 Qb6 12. O-O Rb8 13. Rab1 Bb7 14. Qc2 h6
15. Bh4 Ng4 16. Nc3 Nde5 17. Rfd1 f5 18. Bf1 Qc6 19. Be7 Nf3+ 20. gxf3 Qxf3 21.
Nd5 exd5 22. Bg2 Nxe3 23. Bxf3 Nxc2 24. Bxd6 dxc4 25. Bxb7 Rxb7 26. Bxf8 Kxf8
27. Rbc1 Nd4 28. Rxc4 Ne6 29. b4 cxb4 30. Rxb4 Rc7 31. Rb5 g6 32. Rdb1 Nd8 33.
h4 h5 34. a4 Ke7 35. a5 Rc6 36. Re1+ Kf6 37. Rd1 Ne6 38. Rd7 Rc1+ 39. Kg2 Rc4
40. Rxa7 Nf4+ 41. Kf3 Nd3 42. Ra6+ Kg7 43. Rd6 1-0

[Event "39th Olympiad Khanty-Mansiysk 2010"]
[Site "Khanty-Mansiysk/Russia"]
[Date "2010.09.22"]
[Round "1"]
[White "Campos Moreno, Javier B"]
[Black "Neubauer, Martin"]
[Result "1/2-1/2"]
[WhiteElo "2484"]
[BlackElo "2428"]
[PlyCount "38"]
[EventDate "2010.??.??"]
[WhiteTeam "Chile"]
[BlackTeam "Austria"]
[WhiteTeamCountry "CHI"]
[BlackTeamCountry "AUT"]
[TimeControl "40/5400+30:1800+30"]

1. d4 d5 2. c4 c6 3. Nf3 Nf6 4. Nc3 dxc4 5. a4 Bf5 6. e3 e6 7. Bxc4 Bb4 8. O-O
O-O 9. Qe2 Nbd7 10. e4 Bg6 11. Bd3 Bh5 12. e5 Nd5 13. Nxd5 cxd5 14. Qe3 Bg6 15.
Ne1 Rc8 16. Bxg6 hxg6 17. Nd3 Be7 18. Bd2 Qb6 19. Rfb1 Qb3 1/2-1/2

[Event "39th Olympiad Khanty-Mansiysk 2010"]
[Site "Khanty-Mansiysk/Russia"]
[Date "2010.09.22"]
[Round "1"]
[White "Abdel Razik, Khaled"]
[Black "Mastrovasilis, Dimitrios"]
[Result "0-1"]
[WhiteElo "2480"]
[BlackElo "2569"]
[PlyCount "118"]
[EventDate "2010.??.??"]
[WhiteTeam "Egypt"]
[BlackTeam "Greece"]
[WhiteTeamCountry "EGY"]
[BlackTeamCountry "GRE"]
[TimeControl "40/5400+30:1800+30"]

1. d4 d5 2. c4 dxc4 3. Nf3 a6 4. Nc3 e6 5. e3 b5 6. a4 b4 7. Nb1 c5 8. Bxc4 Nf6
9. O-O Bb7 10. Nbd2 Nbd7 11. Qe2 Be7 12. b3 cxd4 13. exd4 Nb6 14. Bb2 O-O 15.
Rfe1 Bd6 16. Ne5 Nfd5 17. Ne4 Nf4 18. Qg4 Bxe4 19. Qxf4 Bd5 20. a5 Nxc4 21.
bxc4 Bxc4 22. Qg4 Bd5 23. Nd3 Qf6 24. Ne5 Rfc8 25. Rec1 Qh6 26. Qe2 Bxe5 27.
dxe5 Qg5 28. f3 h5 29. Kf2 Qh4+ 30. Kg1 Qg5 31. Kf2 Qh4+ 32. Kg1 Qf4 33. Qf2 b3
34. Qe1 Rc2 35. Rxc2 bxc2 36. Qc3 Qc4 37. Rc1 Qxc3 38. Bxc3 Bb3 39. Kf2 Rd8 40.
Ke3 g5 41. Bd4 Rd5 42. Kd3 Rxa5 43. Kc3 Rb5 44. Be3 Rxe5 45. Bd2 Rb5 46. h4
gxh4 47. Rh1 a5 48. Rxh4 a4 49. Bc1 f6 50. Kb2 Kf7 51. Ka3 Kg6 52. Kb2 Re5 53.
g4 hxg4 54. fxg4 Re1 55. Rh6+ Kg7 56. g5 fxg5 57. Rh5 Kf6 58. Rh8 e5 59. Ra8 g4
0-1

[Event "39th Olympiad Khanty-Mansiysk 2010"]
[Site "Khanty-Mansiysk/Russia"]
[Date "2010.09.22"]
[Round "1"]
[White "Zatonskih, Anna"]
[Black "Gansvind, Valeriya"]
[Result "1-0"]
[WhiteElo "2480"]
[BlackElo "2218"]
[PlyCount "65"]
[EventDate "2010.??.??"]
[WhiteTeam "United States"]
[BlackTeam "Estonia"]
[WhiteTeamCountry "USA"]
[BlackTeamCountry "EST"]
[TimeControl "40/5400+30:1800+30"]

1. d4 Nf6 2. c4 g6 3. Nc3 Bg7 4. e4 d6 5. Be2 c6 6. Nf3 Bg4 7. O-O O-O 8. h3
Bxf3 9. Bxf3 Nfd7 10. Be3 Na6 11. Qd2 Re8 12. Be2 c5 13. d5 Nc7 14. f4 a6 15.
a3 Rb8 16. b4 b6 17. Rab1 Nf8 18. Rb3 e6 19. Bf2 exd5 20. exd5 Nd7 21. Bd3 Qe7
22. Re1 Qf8 23. Reb1 Bh6 24. bxc5 bxc5 25. Rb7 Rxb7 26. Rxb7 Rc8 27. Bh4 Qg7
28. Ne4 Qd4+ 29. Bf2 Qa1+ 30. Bf1 Ne5 31. Nxd6 Rd8 32. Rxc7 Rxd6 33. Rc8+ 1-0

[Event "39th Olympiad Khanty-Mansiysk 2010"]
[Site "Khanty-Mansiysk/Russia"]
[Date "2010.09.22"]
[Round "1"]
[White "Glud, Jakob Vang"]
[Black "Ekstroem, Roland"]
[Result "0-1"]
[WhiteElo "2479"]
[BlackElo "2489"]
[PlyCount "61"]
[EventDate "2010.??.??"]
[WhiteTeam "Denmark"]
[BlackTeam "Switzerland"]
[WhiteTeamCountry "DEN"]
[BlackTeamCountry "SUI"]
[TimeControl "40/5400+30:1800+30"]

1. c4 c5 2. g3 g6 3. Bg2 Bg7 4. Nc3 Nc6 5. Nf3 d6 6. a3 Qd7 7. O-O Nh6 8. Rb1
b6 9. d4 cxd4 10. Nxd4 Bb7 11. Nxc6 Bxc6 12. Nd5 Rc8 13. Bg5 f6 14. Bf4 Nf7 15.
e4 O-O 16. Re1 e6 17. Nc3 f5 18. exf5 gxf5 19. Bxc6 Rxc6 20. Qb3 Rfc8 21. Rbd1
Rxc4 22. Qb5 R8c6 23. Qa6 Bxc3 24. bxc3 d5 25. Rd4 Rxc3 26. Ra4 R6c4 27. Rxc4
Rxc4 28. Bb8 Ng5 29. Re3 Rc1+ 30. Kg2 d4 31. Rd3 0-1

[Event "39th Olympiad Khanty-Mansiysk 2010"]
[Site "Khanty-Mansiysk/Russia"]
[Date "2010.09.22"]
[Round "1"]
[White "Fernando, Diogo"]
[Black "Hammer, Jon Ludvig"]
[Result "0-1"]
[WhiteElo "2475"]
[BlackElo "2633"]
[PlyCount "74"]
[EventDate "2010.??.??"]
[WhiteTeam "Portugal"]
[BlackTeam "Norway"]
[WhiteTeamCountry "POR"]
[BlackTeamCountry "NOR"]
[TimeControl "40/5400+30:1800+30"]

1. e4 e5 2. Nf3 Nc6 3. Bb5 a6 4. Ba4 Nf6 5. O-O Be7 6. Re1 b5 7. Bb3 d6 8. c3
O-O 9. h3 Nb8 10. d4 Nbd7 11. Nbd2 Bb7 12. Bc2 Re8 13. a4 Bf8 14. Bd3 c6 15.
Qc2 Qc7 16. b4 Nb6 17. a5 Nbd7 18. Bb2 Rac8 19. c4 bxc4 20. Qxc4 exd4 21. Bxd4
d5 22. exd5 Nxd5 23. Ne4 Bxb4 24. Neg5 Bxe1 25. Bxh7+ Kf8 26. Bxg7+ Kxg7 27.
Qg4 Kf8 28. Qh5 N7f6 29. Qh6+ Ke7 30. Rxe1+ Kd8 31. Ne5 Qxa5 32. Ngxf7+ Kc7 33.
Rb1 Qc3 34. Rc1 Qd4 35. Qg7 Rg8 36. Bxg8 Rxg8 37. Qh6 Nf4 0-1

[Event "39th Olympiad Khanty-Mansiysk 2010"]
[Site "Khanty-Mansiysk/Russia"]
[Date "2010.09.22"]
[Round "1"]
[White "Djukic, Nikola"]
[Black "Potapov, Pavel"]
[Result "1/2-1/2"]
[WhiteElo "2475"]
[BlackElo "2464"]
[PlyCount "143"]
[EventDate "2010.??.??"]
[WhiteTeam "MNE"]
[BlackTeam "RU5"]
[TimeControl "40/5400+30:1800+30"]

1. e4 c5 2. Nf3 Nc6 3. Nc3 e5 4. Bc4 Be7 5. d3 d6 6. O-O Nf6 7. Ng5 O-O 8. f4
Bg4 9. Qe1 exf4 10. Bxf4 Nd4 11. Qd2 Qd7 12. Be3 h6 13. Nf3 Nxf3+ 14. gxf3 Be6
15. Kh1 Kh7 16. Bxe6 fxe6 17. Qg2 Qe8 18. Rg1 Qf7 19. Raf1 d5 20. Ne2 Rad8 21.
Qh3 Nh5 22. f4 dxe4 23. dxe4 Bd6 24. Rf2 g6 25. Rgf1 b6 26. Ng3 Qb7 27. Qg2 Nf6
28. Bc1 e5 29. f5 g5 30. Re2 g4 31. h3 Rg8 32. hxg4 Rxg4 33. Qh3 Qg7 34. Rg2
Rg8 35. Rfg1 Qf8 36. Rh2 h5 37. Qxh5+ Nxh5 38. Rxh5+ Kg7 39. Bh6+ Kf7 40. Bxf8
Bxf8 41. Rh7+ Ke8 42. Ne2 Rxg1+ 43. Nxg1 Rg4 44. Nf3 Rxe4 45. Rxa7 Bd6 46. Rb7
Rf4 47. Rxb6 Kd7 48. Nd2 c4 49. b3 Bc7 50. Rh6 cxb3 51. axb3 e4 52. Re6 e3 53.
Nc4 Rf1+ 54. Kg2 Rf2+ 55. Kh3 e2 56. Ne5+ Bxe5 57. Rxe5 Kd6 58. Kg3 Rxf5 59.
Rxe2 Kd5 60. Rf2 Re5 61. Rf4 Re3+ 62. Kf2 Rc3 63. Ke2 Rxc2+ 64. Kd3 Rh2 65. Rc4
Rh3+ 66. Kc2 Rh6 67. Kc3 Rh8 68. Kb2 Rb8 69. Ka3 Ra8+ 70. Kb4 Rb8+ 71. Kc3 Rh8
72. Kb4 1/2-1/2

[Event "39th Olympiad Khanty-Mansiysk 2010"]
[Site "Khanty-Mansiysk/Russia"]
[Date "2010.09.22"]
[Round "1"]
[White "Gaponenko, Inna"]
[Black "Wilson, Alexandra"]
[Result "1-0"]
[WhiteElo "2469"]
[BlackElo "2047"]
[PlyCount "63"]
[EventDate "2010.??.??"]
[WhiteTeam "Ukraine"]
[BlackTeam "Switzerland"]
[WhiteTeamCountry "UKR"]
[BlackTeamCountry "SUI"]
[TimeControl "40/5400+30:1800+30"]

1. e4 e6 2. d4 d5 3. Nd2 Nf6 4. e5 Nfd7 5. Bd3 c5 6. c3 Nc6 7. Ne2 cxd4 8. cxd4
Be7 9. O-O b6 10. a3 Bb7 11. Nf3 Rc8 12. Bd2 g6 13. b4 O-O 14. Qb1 Re8 15. a4
Nf8 16. a5 f6 17. a6 Ba8 18. b5 Nb8 19. exf6 Bxf6 20. Bf4 Nbd7 21. Qb4 Nc5 22.
dxc5 bxc5 23. Qa5 Qxa5 24. Rxa5 e5 25. Bg5 Bxg5 26. Nxg5 h6 27. Nh3 c4 28. Bb1
d4 29. f3 Bd5 30. b6 Red8 31. b7 Rc6 32. Rxd5 1-0

[Event "39th Olympiad Khanty-Mansiysk 2010"]
[Site "Khanty-Mansiysk/Russia"]
[Date "2010.09.22"]
[Round "1"]
[White "Danielian, Elina"]
[Black "Kulovana, Eva"]
[Result "1-0"]
[WhiteElo "2466"]
[BlackElo "2359"]
[PlyCount "139"]
[EventDate "2010.??.??"]
[WhiteTeam "Armenia"]
[BlackTeam "Czech Republic"]
[WhiteTeamCountry "ARM"]
[BlackTeamCountry "CZE"]
[TimeControl "40/5400+30:1800+30"]

1. Nf3 d5 2. c4 c6 3. e3 Nf6 4. Nc3 a6 5. Qc2 b5 6. b3 g6 7. cxd5 cxd5 8. Bb2
Bf5 9. Bd3 Bxd3 10. Qxd3 e6 11. O-O Bg7 12. a4 b4 13. Ne2 Nc6 14. Rac1 Qb6 15.
Qc2 Rc8 16. Ne5 Ne7 17. Qxc8+ Nxc8 18. Rxc8+ Ke7 19. Bd4 Qd6 20. Rc6 Qb8 21.
Bc5+ Ke8 22. Bd6 Qd8 23. Rfc1 Ne4 24. Bxb4 Bxe5 25. Rc8 Kd7 26. Rxd8+ Rxd8 27.
d3 Nf6 28. f4 Bb8 29. h3 Ba7 30. Kf2 Rb8 31. Bc3 Ne8 32. Bd4 Bxd4 33. Nxd4 Rb6
34. g4 f6 35. Rc3 e5 36. fxe5 fxe5 37. Nf3 Kd6 38. Rc8 Kd7 39. Ra8 e4 40. dxe4
dxe4 41. Nd4 Rf6+ 42. Ke2 Nc7 43. Rh8 Rf7 44. Rb8 Kd6 45. b4 Nd5 46. b5 axb5
47. Nxb5+ Kc5 48. Re8 Rf3 49. Rxe4 Rxh3 50. Re5 Kc6 51. Kd3 Rg3 52. g5 Nf4+ 53.
Kc4 Nh3 54. a5 Nxg5 55. Nd4+ Kb7 56. Kb5 Nf3 57. a6+ Kc7 58. Re7+ Kd6 59. Nxf3
Rxf3 60. a7 Kxe7 61. a8=Q Rf7 62. Kc5 Kf6 63. Kd6 Kg7 64. Qa1+ Kg8 65. e4 h5
66. e5 Rf8 67. e6 Rd8+ 68. Ke7 Rf8 69. Qh8+ Kxh8 70. Kxf8 1-0

[Event "39th Olympiad Khanty-Mansiysk 2010"]
[Site "Khanty-Mansiysk/Russia"]
[Date "2010.09.22"]
[Round "1"]
[White "Annaberdiev, Meylis"]
[Black "Quesada Perez, Yuniesky"]
[Result "1/2-1/2"]
[WhiteElo "2465"]
[BlackElo "2614"]
[PlyCount "120"]
[EventDate "2010.??.??"]
[WhiteTeam "Turkmenistan"]
[BlackTeam "Cuba"]
[WhiteTeamCountry "TKM"]
[BlackTeamCountry "CUB"]
[TimeControl "40/5400+30:1800+30"]

1. d4 Nf6 2. c4 e6 3. g3 Bb4+ 4. Bd2 Be7 5. Bg2 d5 6. Nf3 c6 7. Qc2 Nbd7 8. O-O
O-O 9. b3 b6 10. Bc3 Ne4 11. Bb2 Bb7 12. Nfd2 f5 13. f3 Nd6 14. Na3 Bg5 15. f4
Be7 16. Nf3 Ne4 17. Rac1 Rc8 18. Qd1 Ndf6 19. Ne5 c5 20. Nc2 Bd6 21. dxc5 Bxc5+
22. Nd4 Qe7 23. e3 dxc4 24. bxc4 a6 25. Qe2 Rfd8 26. Rfd1 Nd7 27. Nd3 Bd6 28.
g4 Rf8 29. gxf5 exf5 30. Bh3 g6 31. Nf3 Ndf6 32. Bd4 Nc5 33. Nde5 Be4 34. Ng5
Ba8 35. Rb1 Qb7 36. Bg2 Qxg2+ 37. Qxg2 Bxg2 38. Kxg2 Bc7 39. Bxc5 bxc5 40. Rb7
Rfe8 41. Ra7 Bxe5 42. fxe5 Rxe5 43. Rd6 Rf8 44. Rb6 Rxe3 45. Nxh7 Nxh7 46.
Rxg6+ Kh8 47. Rh6 Rfe8 48. Rhxh7+ Kg8 49. Rag7+ Kf8 50. Rc7 Kg8 51. Rhg7+ Kh8
52. Rh7+ Kg8 53. Rh5 Rc3 54. Rg5+ Kh8 55. Rxf5 Rxc4 56. Rh5+ Kg8 57. Rg5+ Kh8
58. Rh5+ Kg8 59. Rg5+ Kh8 60. Rh5+ Kg8 1/2-1/2